 Dungeon Crawl Stone Soup version 0.27.1 (webtiles) character file.

Game seed: 7042298937249754636

2 Malachi the Ruffian (level 1, 0/18 HPs)
             Began as a Naga Transmuter on Aug 25, 2021.
             Slain by a quokka (4 damage)
             ... on level 1 of the Dungeon.
             The game lasted 00:00:11 (112 turns).

Malachi the Ruffian (Naga Transmuter)                Turns: 112, Time: 00:00:12

Health: 0/18       AC:  1    Str: 12    XL:     1   Next: 40%
Magic:  3/3        EV:  9    Int: 13    God:
Gold:   0          SH:  0    Dex: 11    Spells: 3/4 levels left

rFire    . . .     SeeInvis +     - Unarmed
rCold    . . .     Faith    .   (no shield)
rNeg     . . .     Spirit   .   a - +0 robe
rPois    +         Reflect  .   (no helmet)
rElec    .         Harm     .   (no cloak)
rCorr    .         Rampage  .   (no gloves)
Will     .....                  (no barding)
Stlth    +.........             (no amulet)
HPRegen  0.06/turn              (no ring)
MPRegen  0.08/turn              (no ring)

@: very slow
A: AC +0, large, see invisible, deformed body, poison resistance, slowness 2,
spit poison 1, naga tail 1
a: Spit Poison


You were on level 1 of the Dungeon.
You visited 1 branch of the dungeon, and saw 1 of its levels.

Inventory:

Armour
 a - a +0 robe (worn)
Potions
 b - a potion of flight {unknown}


   Skills:
 + Level 1.0 Fighting
 + Level 1.5 Dodging
 * Level 3.0 Unarmed Combat
 + Level 2.2 Spellcasting
 + Level 2.0 Transmutations


You had 3 spell levels left.
You knew the following spells:

 Your Spells              Type           Power      Damage    Failure   Level
a - Beastly Appendage     Tmut           12%        N/A       11%         1

Your spell library contained the following spells:

 Spells                   Type           Power      Damage    Failure   Level
 Wereblood                Tmut           6%         N/A       17%         2
 Spider Form              Tmut/Pois      2%         N/A       45%         3
 Ice Form                 Ice/Tmut       4%         N/A       86%         4


Dungeon Overview and Level Annotations

Branches:
Dungeon (1/15)

Altars:


Innate Abilities, Weirdness & Mutations

Your serpentine skin is tough. (AC +0)
You have supernaturally acute eyesight. (SInv)
Armour fits poorly on your strangely shaped body.
Your system is resistant to poisons. (rPois)
You cover ground very slowly.
You can spit poison.
You have a snake-like lower body.


Message History

You closely miss the goblin. The goblin barely misses you.
You closely miss the goblin. The goblin barely misses you.
You hit the goblin.
You kill the goblin!
No target in view!
Things that are here:
a +0 club; a goblin corpse You open the door.
A quokka and a kobold come into view.
The kobold shouts!
Found 33 stones.
There are monsters nearby!
There are monsters nearby!
There are monsters nearby!
A goblin comes into view. It is wielding a +0 dagger.
Found 8 gold pieces.
The goblin shouts!
The kobold throws a stone.
The stone barely misses you.
There is an open door here.
You hit the kobold but do no damage. The kobold hits you with a +0 dagger.
You hit the quokka.
The quokka is heavily wounded.
The kobold barely misses you.
You closely miss the quokka.
The quokka is heavily wounded.
The quokka barely misses you. The kobold hits you with a +0 dagger.
The quokka bites you.
You completely miss the quokka.
The quokka is heavily wounded.
The quokka bites you. The kobold barely misses you.
You are too injured to fight recklessly!
You are too injured to fight recklessly!
You are too injured to fight recklessly!
The quokka bites you.
* * * LOW HITPOINT WARNING * * *
You are too injured to fight recklessly!
You barely miss the quokka.
The quokka is heavily wounded.
The quokka bites you.
You die...

## ###.......$
..(##..........
...#..#........
#..............
...............
..#............
......gK.......
#r# ###@###
#..#..# ##...####
#....#....###
#....##.##....###
...####.####....#
##...###.).###...#
#.....### #..#
###.### #.


You could see a quokka, a goblin and a kobold.

Vanquished Creatures
  An endoplasm (D:1)
  A goblin (D:1)
2 creatures vanquished.

Notes
Turn   | Place    | Note
-------+----------+-------------------------------------------
     0 | D:1      | Malachi the Naga Transmuter began the quest for the Orb.
     0 | D:1      | Reached XP level 1. HP: 18/18 MP: 3/3
   112 | D:1      | Slain by a quokka

Illustrated notes

Levels and vault maps discovered:
D:1:      arrival_zaba_pyramid, layout_rooms,
          hellmonk_ecumenical_altar_crossroads, grunt_decor_fettered

Action                   || total
-------------------------++-------
Melee: Unarmed           ||    16
Armor: Robe              ||     4
Dodge: Dodged            ||     9
